 Dungeon Crawl Stone Soup version 0.26-a0-660-gc07710193c (webtiles) character file.

Game seed: 1311934786438437316

52 DogServant the Insei (level 3, -1/29 HPs)
             Began as a Draconian Transmuter on Oct 6, 2020.
             Slain by Edmund
             ... wielding a +4 dire flail of holy wrath
              (9 damage)
             ... on level 4 of the Dungeon.
             The game lasted 00:03:01 (2437 turns).

DogServant the Insei (Draconian Transmuter)         Turns: 2437, Time: 00:03:01

Health: -1/29      AC:  6    Str: 12    XL:     3   Next: 60%
Magic:  5/6        EV: 12    Int: 13    God:
Gold:   73         SH:  0    Dex: 12    Spells: 3/6 levels left

rFire    . . .     SeeInvis .     - Unarmed
rCold    . . .     Faith    .   (no shield)
rNeg     . . .     Spirit   .   (armour unavailable)
rPois    .         Reflect  .   (helmet currently unavailable)
rElec    .         Harm     .   b - +0 cloak (curse)
rCorr    .         Rampage  .   (no gloves)
MR       .....                  (boots currently unavailable)
Stlth    +.........             (no amulet)
HPRegen  0.09/turn              (no ring)
MPRegen  0.10/turn              (no ring)

@: appendages (expiring)
A: unfitting armour, horns 2, talons 2, cold-blooded, AC +5
a: End Transformation


You were on level 4 of the Dungeon.
You had grown temporary horns.
You had grown temporary talons.
You visited 1 branch of the dungeon, and saw 4 of its levels.

You collected 73 gold pieces.

Inventory:

Missiles
 i - 34 poisoned darts (quivered)
Armour
 b - a cursed +0 cloak (worn)
Scrolls
 a - a scroll of amnesia {unknown}
 d - 3 scrolls of identify {unknown}
 f - 2 scrolls of immolation {unknown}
 h - a scroll of magic mapping {unknown}
 j - a scroll of teleportation {unknown}
 k - a scroll of enchant armour {unknown}
 l - a scroll of fog {unknown}
Potions
 g - a potion of haste
 m - a potion of heal wounds
 n - a potion of might {unknown}


   Skills:
 - Level 2.2 Fighting
 + Level 2.5 Dodging
 + Level 3.6 Unarmed Combat
 - Level 2.0 Spellcasting
 + Level 2.1 Transmutations


You had 3 spell levels left.
You knew the following spells:

 Your Spells              Type           Power        Failure   Level
a - Beastly Appendage     Tmut           #.....       11%         1
b - Wereblood             Tmut           #.......     16%         2

Your spell library contained the following spells:

 Spells                   Type           Power        Failure   Level
 Spider Form              Tmut/Pois      #.........   45%         3
 Ice Form                 Ice/Tmut       #.......     86%         4
 Blade Hands              Tmut           #.........   96%         5


Dungeon Overview and Level Annotations

Branches:
Dungeon (4/15)
 Temple: D:4-7

Altars:

Annotations:
D:4 Edmund


Innate Abilities, Weirdness & Mutations

Your plain brown scales are hard. (AC +5)
You cannot fit into any form of body armour.
You are cold-blooded and may be slowed by cold attacks.
You have a pair of horns on your head.
You have razor-sharp toenails.


Message History

Edmund is heavily wounded.
Your horns disappear.
Your talons disappear.
You barely miss Edmund.
Edmund is heavily wounded.
Edmund hits you with a +4 dire flail of holy wrath.
* * * LOW HITPOINT WARNING * * *
Found 13 gold pieces.
There is a stone staircase leading up here.
It was a potion of magic.
Magic courses through your body. Edmund misses you.
It was a potion of heal wounds.
You feel much better.
Edmund hits you with a +4 dire flail of holy wrath.
Casting: Beastly Appendage (safe; 11% risk of failure)
Confirm with . or Enter, or press ? or * to list all spells.
You grow a pair of large bovine horns.
Your feet morph into talons.
Edmund hits you with a +4 dire flail of holy wrath!
* * * LOW HITPOINT WARNING * * *
You barely miss Edmund.
Edmund is heavily wounded.
Edmund hits you with a +4 dire flail of holy wrath!
You die...

####+#....######
>..............#
........(......+
...............#
........>........#
..##+#####'#######
..#.....[........#
..#..............#
..#............@@#
..#..............#
..#.............##
..#'#####.####..#
......# ### #..#
......# ....
......# .$..##
......# .....#
......#


You could see Edmund.

Vanquished Creatures
  An adder (D:2)
  2 dart slugs
  A leopard gecko (D:2)
  An orc (D:4)
  2 ball pythons (D:1)
  4 bats (D:1)
  3 giant cockroaches
  2 hobgoblins (D:1)
  2 jackals (D:1)
  4 frilled lizards
  5 goblins
  6 kobolds
  4 rats
37 creatures vanquished.

Notes
Turn   | Place    | Note
-------+----------+-------------------------------------------
     0 | D:1      | DogServant the Draconian Transmuter began the quest for the
                  | Orb.
     0 | D:1      | Reached XP level 1. HP: 16/16 MP: 3/3
   228 | D:1      | Reached XP level 2. HP: 17/23 MP: 3/5
   768 | D:1      | Learned a level 2 spell: Wereblood
   997 | D:2      | Reached XP level 3. HP: 26/29 MP: 4/6
  2017 | D:3      | HP: 1/29 [orc priest/nerve-wracking pain (13)]
  2403 | D:4      | Noticed Edmund
  2437 | D:4      | Slain by Edmund

Illustrated notes

Levels and vault maps discovered:
D:1:      grunt_arrival_crossed_arrows, layout_loops_cross, hex_tiny
D:2:      layout_loops_corners
D:3:      layout_loops_cross, ashenzari_altar_1
D:4:      layout_gridville, grunt_temple_overflow_open, nicolae_ru_awakened_eye,
          uniq_edmund

Skill      XL: |  1  2 |
---------------+-------+-----
Dodging        | 2 |  2.5
Fighting       | 2 |  2.2
Unarmed Combat | |  3.6
Spellcasting   | |  2.0
Transmutations | |  2.1

Action                   || total
-------------------------++-------
Melee: Unarmed           ||   131
       Kick              ||    11
       Headbutt          ||     8
       Tailslap          ||     9
Throw: Dart              ||    11
 Cast: Beastly Appendage ||    15
  Use: Potion            ||     5
 Stab: Sleeping          ||     1
Armor: Skin              ||    40
Dodge: Dodged            ||    71

Table legend: (Time is in decaauts)
 A = Elapsed time spent in this place.
 B = Non-inter-level travel time spent in this place.
 C = Inter-level travel time spent in this place.
 D = Time resting spent in this place.
 E = Time spent auto-exploring this place.
 F = Levels seen in this place.
 G = Mean time per level.
                   A        B        C        D        E       F      G
               +--------+--------+--------+--------+--------+-----+--------+
         Total |   2407 |   2330 |     77 |    301 |   1714 |   4 |  601.8 |
       Dungeon |   2407 |   2330 |     77 |    301 |   1714 |   4 |  601.8 |
               +--------+--------+--------+--------+--------+-----+--------+

Top non-repeatable levels by time:
     D:1: 983 daAuts
     D:2: 891 daAuts
     D:4: 389 daAuts
     D:3: 142 daAuts
